 Dungeon Crawl Stone Soup version 0.31-a0-986-g5e6e4ef867 (webtiles) character file.

Game seed: 3525329281206879934

467 sammy202020 the Ruffian (level 6, 0/43 (47) HPs)
             Began as a Demonspawn Shapeshifter on Nov 18, 2023.
             Slain by a wight
             ... wielding a +5 spear
              (3 damage)
             ... on level 4 of the Dungeon.
             The game lasted 00:05:06 (2827 turns).

sammy202020 the Ruffian (Demonspawn Shapeshifter)   Turns: 2827, Time: 00:05:07

HP:   0/43 (47)     AC:  7    Str: 16    XL:     6   Next: 81%
MP:   6/6           EV: 10    Int: 12    God:
Gold: 171           SH:  0    Dex: 18    Spells: 5/5 levels left

rFire   . .          .
                       - Unarmed
rCold   . . .        (no shield)
rNeg    . . .        b - +1 scale mail
rPois   .            (helmet currently unavailable)
rElec   .            (cloak currently unavailable)
rCorr   .            (gloves currently unavailable)
SInv    .            (boots currently unavailable)
Will    .....        (no amulet) Stlth
                     e - +6 ring of dexterity
HPRegen 0.27/turn    (no ring)
MPRegen 0.10/turn

%: no passive effects
@: beast-form, drained
A: beast (slay +2), hooves 2
a: Begin Untransformation


You were on level 4 of the Dungeon.
You were a hulking beast.
You visited 1 branch of the dungeon, and saw 4 of its levels.

You collected 171 gold pieces.

Inventory:

Armour
 a - a +0 animal skin
 b - a +1 scale mail (worn)
 g - a +0 leather armour
Jewellery
 e - a +6 ring of dexterity (left hand)
Talismans
 c - a beast talisman (active)
 d - a flux talisman
Wands
 i - a wand of flame (23)
Potions
 h - 2 potions of attraction
 l - 2 potions of brilliance
 n - a potion of lignification


   Skills:
 * Level 3.5 Fighting
 + Level 2.0 Armour
 + Level 2.9 Dodging
 * Level 4.2 Unarmed Combat
 * Level 3.9 Shapeshifting


You had 5 spell levels left.
You didn't know any spells.
Your spell library contained the following spells:

 Spells                   Type           Power      Damage    Failure   Level
 Magic Dart               Conj           0%         1d3       77%         1
 Slow                     Hex            0%         N/A       77%         1
 Call Imp                 Summ           0%         N/A       88%         2
 Sublimation of Blood     Necr           0%         N/A       88%         2
 Mephitic Cloud           Conj/Pois/Air  0%         N/A       98%         3
 Tukima's Dance           Hex            0%         N/A       98%         3
 Cause Fear               Hex            0%         N/A       100%        4
 Petrify                  Tmut/Erth      0%         N/A       100%        4
 Irradiate                Conj/Tmut      0%         3d11      100%        5
 Discord                  Hex            0%         N/A       100%        8


Dungeon Overview and Level Annotations

Branches:
Dungeon (4/15)
 Temple: D:4-7

Altars:
Fedhas
Yredelemnul


Innate Abilities, Weirdness & Mutations

You are a hulking beast.
Your limbs bulge with bestial killing power. (Slay +2)
You have hoof-like feet.


Message History

You are too injured to fight recklessly!
You are too injured to fight recklessly!
You are too injured to fight recklessly!
You are too injured to fight recklessly!
You are too injured to fight recklessly!
You are too injured to fight recklessly!
You are too injured to fight recklessly!
You are too injured to fight recklessly!
You are too injured to fight recklessly!
You are too injured to fight recklessly!
You are too injured to fight recklessly!
You are too injured to fight recklessly!
You are too injured to fight recklessly!
You are too injured to fight recklessly!
You are too injured to fight recklessly!
You are too injured to fight recklessly!
You are too injured to fight recklessly!
You are too injured to fight recklessly!
You completely miss the wight. You kick the wight.
The wight is moderately damaged.
The wight barely misses you.
The wight hits you from afar with a +5 spear.
You closely miss the wight. You kick the wight, but do no damage.
The wight is moderately damaged.
The wight hits you with a +0 dire flail!
* * * LOW HITPOINT WARNING * * *
You feel drained.
* * * LOW HITPOINT WARNING * * *
The wight barely misses you.
Okay, then.
You aren't carrying any scrolls.
You hit the wight. Your kick misses the wight.
The wight is heavily damaged.
The wight misses you. The wight barely misses you.
You punch the wight!
You destroy the wight!
The wight closely misses you.
Your Armour skill increases to level 2!
The wight hits you with a +5 spear.
You die...

### ..# #.# #z#
#### #z# ..# #h#
#.# #.# #.###)###.#
#.........#
#####.##### #.#
##+## ##.## ##...##
##...##
##.....###.....####


You could see 2 wights.

Vanquished Creatures
  Duvessa (D:4)
  A wight (D:4)
  Dowan (D:4)
  A sleepcap (D:4)
  Jessica (D:2)
  2 orc wizards (D:3)
  Natasha (twice) (D:2)
  2 adder zombies (D:3)
  A worm (D:3)
  5 dart slugs
  7 orcs (D:3)
  8 bats
  4 endoplasms (D:1)
  A giant cockroach (D:1)
  5 goblins
  6 hobgoblins
  13 jackals
  4 quokkas
  7 ball pythons
  6 frilled lizards
  A giant cockroach zombie (D:3)
  4 kobolds
  9 rats
92 creatures vanquished.

Notes
Turn   | Place    | Note
-------+----------+-------------------------------------------
     0 | D:1      | sammy202020 the Demonspawn Shapeshifter began the quest for
                  | the Orb.
     0 | D:1      | Reached XP level 1. HP: 15/15 MP: 1/1
   235 | D:1      | Gained mutation: You have large cloven feet. [demonic
                  | ancestry]
   235 | D:1      | Reached XP level 2. HP: 18/21 MP: 2/2
   297 | D:1      | Found a faded altar of an unknown god.
   360 | D:1      | Reached skill level 3 in Unarmed Combat
   390 | D:1      | Gained mutation: You have hoof-like feet. [demonic
                  | ancestry]
   390 | D:1      | Reached XP level 3. HP: 9/26 MP: 3/3
   895 | D:2      | Identified the of Fulumeos
   980 | D:2      | Noticed Jessica
   985 | D:2      | Killed Jessica
   986 | D:2      | Reached XP level 4. HP: 11/33 MP: 4/4
  1144 | D:2      | Reached skill level 1 in Armour
  1240 | D:2      | Noticed Natasha
  1251 | D:2      | Killed Natasha
  1473 | D:2      | Found a blossoming altar of Fedhas.
  1479 | D:2      | Noticed Natasha
  1493 | D:2      | Killed Natasha
  1494 | D:2      | Reached XP level 5. HP: 27/39 MP: 5/5
  2063 | D:3      | Found a basalt altar of Yredelemnul.
  2455 | D:4      | Noticed Duvessa
  2455 | D:4      | Noticed Dowan
  2471 | D:4      | Killed Duvessa
  2472 | D:4      | Reached skill level 4 in Unarmed Combat
  2472 | D:4      | Reached XP level 6. HP: 15/47 MP: 6/6
  2476 | D:4      | Killed Dowan
  2824 | D:4      | HP: 2/40 [wight/+0 dire flail (4)]
  2827 | D:4      | Slain by a wight

Illustrated notes

Levels and vault maps discovered:
D:1:      saegor_arrival_fortress, layout_basic, basic_ecumenical_altar,
          nicolae_houndstooth_variations
D:2:      layout_loops_ring, basic_altar, grunt_decor_cap, uniq_jessica,
          uniq_natasha
D:3:      layout_rooms, nicolae_yredelemnul_corpse_copse, serial_bayou_crossing
D:4:      layout_loops_corners, kennysheep_okawaru_gauntlet,
          nicolae_overflow_crystal_walls, uniq_duvessa, uniq_robin, uniq_sigmund

Skill      XL: |  1  2  3  4  5  6 |
---------------+-------------------+-----
Dodging        | 2 |  2.9
Unarmed Combat | 3 4 |  4.2
Shapeshifting  | 3 |  3.9
Fighting       | 2 3 |  3.5
Armour         | 1 2 |  2.0

Action                     |  1- 3 |  4- 6 || total
---------------------------+-------+-------++-------
  Melee: Unarmed           |    91 |   150 ||   241
         Kick              |    21 |    46 ||    67
         Punch             |     2 |     2 ||     4
    Use: Potion            |     1 |     3 ||     4
         Scroll            |       |     5 ||     5
 Armour: Animal skin       |     9 |       ||     9
         Leather armour    |    38 |       ||    38
         Skin              |    11 |       ||    11
         Scale mail        |    14 |    85 ||    99
  Dodge: Dodged            |    74 |    76 ||   150
   Form: Beast             |     1 |       ||     1

Table legend: (Time is in decaauts)
 A = Elapsed time spent in this place.
 B = Non-inter-level travel time spent in this place.
 C = Inter-level travel time spent in this place.
 D = Time resting spent in this place.
 E = Time spent auto-exploring this place.
 F = Levels seen in this place.
 G = Mean time per level.
                   A        B        C        D        E       F      G
               +--------+--------+--------+--------+--------+-----+--------+
         Total |   2797 |   2790 |      7 |    567 |   1570 |   4 |  699.2 |
       Dungeon |   2797 |   2790 |      7 |    567 |   1570 |   4 |  699.2 |
               +--------+--------+--------+--------+--------+-----+--------+

Top non-repeatable levels by time:
     D:1: 890 daAuts
     D:2: 751 daAuts
     D:3: 624 daAuts
     D:4: 530 daAuts
